 Dungeon Crawl Stone Soup version 0.27-a0-170-g607d9e9d85 (webtiles) character file.

Game seed: 10427080168048266598

21478 septik the Cleaver (level 12, -2/112 HPs)
             Began as a Minotaur Berserker on Jan 28, 2021.
             Was a High Priest of Trog.
             Killed from afar by a catoblepas (4 damage)
             ... with a blast of calcifying dust
             ... while petrified by a catoblepas
             ... on level 13 of the Dungeon.
             The game lasted 00:34:58 (12612 turns).

septik the Cleaver (Minotaur Berserker)            Turns: 12612, Time: 00:34:58

Health: -2/112     AC: 16    Str: 29    XL:     12   Next: 54%
Magic:  2/2        EV:  2    Int:  4    God:    Trog [*****.]
Gold:   999        SH:  0    Dex: 17    Spells: 11/11 levels left

rFire    . . .     SeeInvis .   J - +6 executioner's axe
rCold    + . .     Faith    .   (shield currently unavailable)
rNeg     + + +     Spirit   .   Z - +4 scale mail of Impatience {rC+ MP-9 Str+4 Dex+5}
rPois    ∞         Reflect  .   q - +0 hat
rElec    .         Harm     .   N - +0 cloak
rCorr    .         Rampage  .   z - +0 pair of gloves
Will     .....                  (no boots)
Stlth    ..........             c - amulet of magic regeneration
HPRegen  0.28/turn              x - +4 ring of evasion
MPRegen  0.33/turn              (no ring)

@: petrified
A: retaliatory headbutt, horns 2
a: Renounce Religion, Berserk, Trog's Hand, Brothers in Arms


You were on level 13 of the Dungeon.
You worshipped Trog.
Trog was extremely pleased with you.
You visited 1 branch of the dungeon, and saw 13 of its levels.
You also visited: Sewer.

You collected 999 gold pieces.

Inventory:

Hand Weapons
 F - a +2 whip of electrocution
 J - a +6 executioner's axe (weapon)
 P - a +2 flail of draining
 S - a +1 war axe
 X - the +10 flail "Kugaerr" {venom, Int+7 Dex-3 Stlth+}
   (You took it off a centaur on level 11 of the Dungeon)

   It poisons the flesh of those it strikes.
   It affects your intelligence (+7).
   It affects your dexterity (-3).
   It makes you more stealthy.
Missiles
 e - 473 stones (quivered)
 H - a throwing net
Armour
 p - a +0 chain mail
 q - a +0 hat (worn)
 s - a +0 plate armour
 z - a +0 pair of gloves (worn)
 G - +0 steam dragon scales
 N - a +0 cloak (worn)
 Q - a +0 troll leather armour
 Y - the +0 kite shield of Leapfrog {-Tele +Fly Stlth+}
   (You found it on level 11 of the Dungeon)

   It lets you fly.
   It prevents most forms of teleportation.
   It makes you more stealthy.
 Z - the +4 scale mail of Impatience (worn) {rC+ MP-9 Str+4 Dex+5}
   (You found it on level 12 of the Dungeon)

   It affects your strength (+4).
   It affects your dexterity (+5).
   It protects you from cold.
   It affects your magic capacity (-9).
Jewellery
 c - an amulet of magic regeneration (around neck)
 x - a +4 ring of evasion (left hand)
Wands
 k - a wand of acid (11)
 t - a wand of polymorph (15)
 C - a wand of random effects (18)
 E - a wand of digging (7)
 W - a wand of mindburst (11)
Scrolls
 a - 2 scrolls of identify
 i - 3 scrolls of enchant weapon
 j - 11 scrolls of teleportation
 o - 8 scrolls of remove curse
 u - 6 scrolls of fear
 w - 3 scrolls of magic mapping
 y - 5 scrolls of blinking
 A - a scroll of enchant armour
 B - 2 scrolls of immolation {unknown}
 I - a scroll of holy word {unknown}
 R - 2 scrolls of vulnerability {unknown}
 V - a scroll of fog {unknown}
Potions
 b - 3 potions of flight {unknown}
 d - 9 potions of curing
 f - a potion of haste
 g - 4 potions of heal wounds
 h - 5 potions of mutation
 l - 2 potions of might
 m - 2 potions of berserk rage {unknown}
 r - a potion of experience {unknown}
 v - 2 potions of invisibility
 D - a potion of cancellation {unknown}
 K - a potion of ambrosia {unknown}
 L - a potion of attraction {unknown}
 M - 2 potions of lignification
 O - a potion of magic {unknown}
 U - a potion of degeneration {unknown}
Miscellaneous
 n - a phial of floods
 T - a condenser vane


   Skills:
 + Level 11.8 Fighting
 + Level 14.8(14.9) Axes
 - Level 3.1(10.4) Maces & Flails
 + Level 11.5 Armour
 + Level 10.6 Dodging
 - Level 3.2 Shields


You had 11 spell levels left.
You didn't know any spells.
Your spell library contained the following spells:

 Spells                   Type           Power        Failure   Level
 Magic Dart               Conj           0%           71%         1
 Sandblast                Erth           0%           71%         1
 Blink                    Tloc           N/A          83%         2
 Call Imp                 Summ           0%           83%         2
 Passwall                 Tmut/Erth      0%           83%         2
 Searing Ray              Conj           0%           83%         2
 Slow                     Hex            0%           83%         2
 Conjure Flame            Conj/Fire      0%           97%         3
 Dazzling Flash           Conj/Hex       0%           97%         3
 Mephitic Cloud           Conj/Pois/Air  0%           97%         3
 Stone Arrow              Conj/Erth      0%           97%         3
 Fulminant Prism          Conj/Hex       0%           100%        4
 Iskenderun's Mystic Bla  Conj/Tloc      0%           100%        4
 Petrify                  Tmut/Erth      0%           100%        4
 Lee's Rapid Deconstruct  Erth           0%           100%        5


Dungeon Overview and Level Annotations

Branches:
Dungeon (13/15)            Temple (0/1) D:7            Lair (0/6) D:8
    Orc (0/2) D:10          Sewer (visited)
 Vaults: D:13-14

Altars:
Dithmenos
Qazlal
Ru
Sif Muna
Beogh

Shops:
D:5 [


Innate Abilities, Weirdness & Mutations

You reflexively headbutt those who attack you in melee.
You have a pair of horns on your head.


Message History

You headbutt the catoblepas, but do no damage.
You slice the catoblepas!!
The catoblepas is almost dead.
You are engulfed in calcifying dust.
Your limbs have turned to stone.
The catoblepas gores you!!
* * * LOW HITPOINT WARNING * * *
You have turned to stone.
You are engulfed in calcifying dust.
The catoblepas gores you.
* * * LOW HITPOINT WARNING * * *
The catoblepas barely misses you.
The catoblepas breathes a plume of calcifying dust at you.
The blast of calcifying dust hits you but does no damage.
You are engulfed in calcifying dust.
The catoblepas gores you!
* * * LOW HITPOINT WARNING * * *
You are engulfed in calcifying dust.
The catoblepas breathes a plume of calcifying dust at you.
The blast of calcifying dust hits you!
You die...

#..### #..# #.# #..# #..# #.#
#..# #..# #.# #..# #..# #.# #..#
#..# #.# #..# #..# #.# .#####..#
#..# #.#
........#########..########.#####
.......Y)))....Y@§§....<.........
#################################


You could see a catoblepas.

Vanquished Creatures
  Josephine (D:10)
  A centaur warrior (D:13)
  3 two-headed ogres (D:9)
  An unseen horror (D:12)
  Pikel (D:6)
  3 ugly things
  A cyclops (D:12)
  The ghost of kae the Ruffian, a novice TrFi (D:8)
  2 manticores (D:13)
  Maggie (D:7)
  2 komodo dragons (D:8)
  4 trolls
  7 slime creatures
  6 wyverns
  Sigmund (D:2)
  A shadow (D:11)
  5 wraiths
  A basilisk (D:8)
  A steam dragon (D:8)
  7 yaks (D:11)
  Menkaure (D:5)
  A water moccasin (D:12)
  7 ice beasts
  A sky beast (D:9)
  11 orc warriors
  3 black bears
  12 centaurs
  8 ogres
  5 bullfrogs
  A wyvern skeleton (D:11)
  6 scorpions
  31 killer bees
  7 howler monkeys
  4 bullfrog zombies
  A quasit (D:7)
  A centaur zombie (D:7)
  6 hounds
  5 jellies
  5 bullfrog skeletons
  12 orc priests
  8 orc wizards
  2 centaur skeletons
  Natasha (D:3)
  5 iguanas
  11 worker ants
  A killer bee zombie (D:8)
  3 hound zombies
  12 gnolls
  A worker ant zombie (D:5)
  13 adders
  2 river rats (Sewer)
  2 white imps
  2 ufetubi
  An ooze (D:7)
  An adder zombie (D:9)
  4 worms (D:3)
  2 dart slugs (D:3)
  6 leopard geckos
  75 orcs
  7 ball pythons
  A giant cockroach (D:3)
  8 goblins
  10 hobgoblins
  14 jackals
  4 quokkas
  9 bats
  12 frilled lizards
  6 kobolds
  A leopard gecko skeleton (D:9)
  20 rats
422 creatures vanquished.

Notes
Turn   | Place    | Note
-------+----------+-------------------------------------------
     0 | D:1      | septik the Minotaur Berserker began the quest for the Orb.
     0 | D:1      | Reached XP level 1. HP: 19/19 MP: 0/0
   197 | D:1      | Reached XP level 2. HP: 24/27 MP: 1/1
   237 | D:1      | Reached skill level 4 in Axes
   742 | D:2      | Reached XP level 3. HP: 28/33 MP: 2/2
  1084 | D:2      | Noticed Sigmund
  1092 | D:2      | Killed Sigmund
  1093 | D:2      | Reached skill level 5 in Axes
  1093 | D:2      | Reached XP level 4. HP: 41/41 MP: 3/3
  1093 | D:2      | Reached XP level 5. HP: 47/47 MP: 4/4
  1288 | D:3      | Reached ** piety under Trog
  1690 | D:3      | Reached XP level 6. HP: 50/55 MP: 5/5
  1775 | D:3      | Reached skill level 6 in Axes
  1847 | D:3      | Noticed Natasha
  1857 | D:3      | Killed Natasha
  1964 | D:3      | Found a shadowy altar of Dithmenos.
  2397 | D:3      | Reached *** piety under Trog
  2518 | D:4      | Reached skill level 5 in Fighting
  2768 | D:4      | Reached XP level 7. HP: 61/61 MP: 6/6
  3194 | D:5      | Entered Level 5 of the Dungeon
  3318 | D:5      | Reached skill level 7 in Axes
  3373 | D:5      | Noticed Menkaure
  3405 | D:5      | Killed Menkaure
  3406 | D:5      | Reached skill level 5 in Armour
  3422 | D:5      | Found a glowing drain.
  3432 | Sewer    | Entered a sewer
  3653 | Sewer    | Reached **** piety under Trog
  4103 | D:5      | Found Umunkahe's Antique Armour Boutique.
  4137 | D:5      | Reached XP level 8. HP: 66/70 MP: 7/7
  4355 | D:5      | Reached skill level 8 in Axes
  4355 | D:5      | Reached skill level 5 in Dodging
  4528 | D:5      | Found a shimmering blue altar of Sif Muna.
  4622 | D:5      | Found a sacrificial altar of Ru.
  5201 | D:6      | Noticed Pikel
  5210 | D:6      | Killed Pikel
  5211 | D:6      | Reached skill level 9 in Axes
  5364 | D:6      | Reached XP level 9. HP: 77/79 MP: 8/8
  5824 | D:7      | Found a staircase to the Ecumenical Temple.
  5941 | D:7      | Reached skill level 10 in Axes
  5957 | D:7      | Noticed Maggie
  5974 | D:7      | Killed Maggie
  6993 | D:8      | Reached skill level 11 in Axes
  7223 | D:8      | Reached ***** piety under Trog
  7232 | D:8      | Reached XP level 10. HP: 90/90 MP: 9/9
  7484 | D:8      | Reached skill level 12 in Axes
  7787 | D:8      | Found a staircase to the Lair.
  7926 | D:8      | Found a runed translucent gate.
  7926 | D:8      | Noticed kae's ghost (novice TrFi)
  7927 | D:8      | Found a runed translucent gate.
  7928 | D:8      | Found a runed translucent gate.
  7947 | D:8      | Killed kae's ghost
  8099 | D:8      | Found a stormy altar of Qazlal.
  8372 | D:9      | Noticed a two-headed ogre
  8380 | D:9      | Killed a two-headed ogre
  8465 | D:9      | Noticed a two-headed ogre
  8474 | D:9      | Killed a two-headed ogre
  8592 | D:9      | Reached skill level 13 in Axes
  8592 | D:9      | Reached XP level 11. HP: 82/99 MP: 10/10
  8691 | D:9      | Noticed a two-headed ogre
  8701 | D:9      | Killed a two-headed ogre
  8741 | D:9      | Reached skill level 10 in Fighting
  8849 | D:9      | Found a roughly hewn altar of Beogh.
  8860 | D:9      | Received a gift from Trog
  9281 | D:10     | Entered Level 10 of the Dungeon
  9292 | D:10     | Reached skill level 10 in Armour
  9381 | D:10     | Found a staircase to the Orcish Mines.
  9408 | D:10     | Noticed Josephine
  9430 | D:10     | Killed Josephine
  9871 | D:10     | Reached skill level 14 in Axes
  9976 | D:10     | Received a gift from Trog
 10162 | D:11     | Identified the +10 flail "Kugaerr" {venom, Int+7 Dex-3
                  | Stlth+}
 10222 | D:11     | Got a faintly humming kite shield
 10228 | D:11     | Identified the cursed +0 kite shield of Leapfrog {-Tele
                  | +Fly Stlth+} (You found it on level 11 of the Dungeon)
 10342 | D:11     | Noticed a cyan ugly thing
 10354 | D:11     | Killed a cyan ugly thing
 10385 | D:11     | Noticed a brown ugly thing
 10407 | D:10     | Killed a brown ugly thing
 10662 | D:11     | Reached XP level 12. HP: 79/110 MP: 11/11
 10763 | D:11     | Reached skill level 10 in Dodging
 11124 | D:12     | Found a stormy altar of Qazlal.
 11224 | D:12     | Got a heavily runed scale mail
 11235 | D:12     | Identified the +4 scale mail of Impatience {rC+ MP-9 Str+4
                  | Dex+5} (You found it on level 12 of the Dungeon)
 11288 | D:12     | Reached skill level 1 in Shields
 11295 | D:12     | Reached skill level 1 in Maces & Flails
 12221 | D:13     | Noticed a centaur warrior
 12230 | D:13     | Killed a centaur warrior
 12230 | D:13     | Received a gift from Trog
 12501 | D:13     | Noticed a catoblepas
 12502 | D:13     | Noticed a catoblepas
 12611 | D:13     | HP: 2/112 [catoblepas (5)]
 12612 | D:13     | Killed from afar by a catoblepas

Illustrated notes

Levels and vault maps discovered:
D:1:      minmay_arrival_semitransparent, layout_rooms, hangedman_decor_growths
D:2:      layout_loops_ring, uniq_sigmund
D:3:      minmay_bubble_buster, layout_basic,
          nicolae_dithmenos_through_a_glass_darkly, minmay_quantized,
          uniq_natasha
D:4:      layout_loops_ring, palyth_stone_intersect
D:5:      layout_basic, lemuel_doored_altar, nicolae_ru_path_of_blood,
          portal_sewer_entry_d, serial_shops, shop_fountains, uniq_menkaure
D:6:      layout_loops_corners, dk_noncrumbling_2, serial_bayou_pond_e,
          uniq_pikel
D:7:      layout_basic, minmay_temple_entry_steel_oval, uniq_maggie
D:8:      layout_loops_ring, nicolae_overflow_hidden_temple, erik_lair_dragon,
          gammafunk_ghost_split, kennysheep_generic_room_9
D:9:      layout_roguey [special_room_orc], minivault_19
D:10:     layout_cave_pools, nrook_mini_vaults, nrook_uturn, minmay_orc_keep,
          uniq_josephine
D:11:     layout_small_grid
D:12:     layout_small_grid, basic_altar, grunt_ministairs_3
D:13:     nzn_motion_control, layout_long_grid, grunt_vaults_entry_fortified,
          uniq_nessos

Skill      XL: |  1  2  3  4  5  6  7  8  9 10 11 12 |
---------------+-------------------------------------+-----
Axes           | 4 5 6 7 9 11 13 14 | 14.8
Fighting       | 4 5 6 7 8 9 11 | 11.8
Armour         | 3 4 5 6 8 9 10 11 | 11.5
Dodging        | 3 4 6 7 8 9 10 | 10.6
Shields        | 3 |  3.2
Maces & Flails | 3 |  3.1

Action                   |  1- 3 |  4- 6 |  7- 9 | 10-12 || total
-------------------------+-------+-------+-------+-------++-------
Melee: Hand axe          |    80 |   152 |   130 |       ||   362
       Headbutt          |     9 |    19 |    54 |    92 ||   174
       Whip              |       |       |   114 |       ||   114
       War axe           |       |       |    30 |    78 ||   108
       Battleaxe         |       |       |       |   217 ||   217
       Flail             |       |       |       |   135 ||   135
       Executioner's axe |       |       |       |    36 ||    36
Throw: Stone             |     8 |       |       |       ||     8
Invok: Berserk           |     1 |     2 |     6 |    17 ||    26
       Trog's Hand       |       |     1 |     2 |       ||     3
  Use: Scroll            |       |       |     7 |    13 ||    20
 Stab: Sleeping          |       |       |       |     2 ||     2
Armor: Animal skin       |     5 |       |       |       ||     5
       Ring mail         |    26 |     3 |       |       ||    29
       Chain mail        |       |    68 |    79 |    42 ||   189
       Troll leather arm |       |       |       |    34 ||    34
       Scale mail        |       |       |       |    38 ||    38
Dodge: Dodged            |    47 |    66 |   202 |   402 ||   717
Block: Kite shield       |       |       |       |    69 ||    69

Table legend: (Time is in decaauts)
 A = Elapsed time spent in this place.
 B = Non-inter-level travel time spent in this place.
 C = Inter-level travel time spent in this place.
 D = Time resting spent in this place.
 E = Time spent auto-exploring this place.
 F = Levels seen in this place.
 G = Mean time per level.
                   A        B        C        D        E       F      G
               +--------+--------+--------+--------+--------+-----+--------+
         Total |  12862 |  12556 |    306 |   1451 |   8455 |  14 |  918.7 |
       Dungeon |  12416 |  12110 |    306 |   1435 |   8193 |  13 |  955.1 |
         Sewer |    446 |    446 |      0 |     16 |    262 |   1 |  446.0 |
               +--------+--------+--------+--------+--------+-----+--------+

Top non-repeatable levels by time:
     D:8: 1454 daAuts
     D:3: 1230 daAuts
     D:7: 1178 daAuts
     D:9: 1152 daAuts
    D:12: 1091 daAuts
     D:6: 1082 daAuts
     D:5: 1052 daAuts
    D:11: 876 daAuts
    D:10: 848 daAuts
     D:2: 841 daAuts
     D:4: 692 daAuts
     D:1: 459 daAuts
    D:13: 455 daAuts
   Sewer: 446 daAuts
